 Dungeon Crawl Stone Soup version 0.31-a0-5-g84e6b3452c (webtiles) character file.

Game seed: 6562990625967803879

231 Bnni the Shield-Bearer (level 6, -9/32 HPs)
             Began as a Vine Stalker Fighter on May 5, 2023.
             Mangled by Menkaure (13 damage)
             ... in an ossuary.
             The game lasted 00:04:42 (2664 turns).

Bnni the Shield-Bearer (Vine Stalker Fighter)       Turns: 2664, Time: 00:04:43

Health: -9/32      AC:  9    Str: 19    XL:     6   Next: 4%
Magic:  0/7        EV:  7    Int:  8    God:
Gold:   185        SH:  5    Dex: 15    Spells: 5/5 levels left

rFire   . . .        a - +0 rapier
rCold   . . .        c - +0 buckler
rNeg    . . .        i - +0 chain mail
rPois   .            (no helmet)
rElec   .            (no cloak)
rCorr   .            (no gloves)
SInv    .            q - +0 pair of boots
Will    .....        (no amulet) Stlth
                     (no ring)
HPRegen 1.05/turn    (no ring)
MPRegen 0.10/turn

%: guardian spirit
@: mighty, marked
A: fangs 2, regeneration 1, magic shield, antimagic bite, no potion heal 2
a: no special abilities


You were in an ossuary.
You visited 1 branch of the dungeon, and saw 4 of its levels.
You also visited: Ossuary.

You collected 283 gold pieces.
You spent 98 gold pieces at shops.

Inventory:

Hand Weapons
 a - a +0 rapier (weapon)
 g - a +0 whip of venom
Armour
 c - a +0 buckler (worn)
 i - a +0 chain mail (worn)
 q - a +0 pair of boots (worn)
Jewellery
 s - an amulet of the acrobat
Wands
 j - a wand of iceblast (7)
Scrolls
 h - 4 scrolls of blinking
 m - 2 scrolls of enchant weapon {unknown}
 n - 2 scrolls of fog {unknown}
 o - a scroll of teleportation {unknown}
 r - a scroll of amnesia
Potions
 b - a potion of cancellation
 d - a potion of might
 e - 2 potions of curing
 k - a potion of ambrosia
 l - a potion of heal wounds {unknown}
 p - a potion of flight {unknown}


   Skills:
 + Level 3.6 Fighting
 * Level 3.9 Short Blades
 - Level 2.4 Armour
 - Level 4.0 Shields


You had 5 spell levels left.
You didn't know any spells.
Your spell library was empty.

Dungeon Overview and Level Annotations

Branches:
Dungeon (4/15)            Ossuary (1/1)
 Temple: D:4-7

Altars:
Makhleb
Ru

Shops:
D:2 (   D:3 !

Annotations:
D:4 Pikel Ossuary Menkaure


Innate Abilities, Weirdness & Mutations

You have extremely sharp teeth.
Your natural rate of healing is unusually fast.
When hurt, damage is shared between your health and your magic reserves.
Your bite disrupts and absorbs the magic of your enemies.
Potions cannot restore your health.


Message History

You bite the hobgoblin skeleton!
You destroy the hobgoblin skeleton!
A hobgoblin zombie comes into view.
The hobgoblin zombie hits you but does no damage.
You puncture the hobgoblin zombie! You bite the hobgoblin zombie.
You destroy the hobgoblin zombie!
A goblin skeleton comes into view.
You hit the goblin skeleton.
The goblin skeleton is lightly damaged.
The goblin skeleton hits you but does no damage.
You barely miss the goblin skeleton.
You bite the goblin skeleton, but do no damage.
The goblin skeleton is lightly damaged.
The goblin skeleton barely misses you.
A goblin skeleton is nearby!
You hit the goblin skeleton.
You destroy the goblin skeleton!
A goblin zombie, Menkaure and an orc zombie come into view.
Menkaure gestures wildly while chanting.
Menkaure seems to speed up.
There are monsters nearby!
A mummy comes into view.
Menkaure hits you!
You barely miss Menkaure. You bite Menkaure.
Menkaure's magic leaks into the air.
You drain his magic.
You feel invigorated.
Menkaure is lightly damaged.
Menkaure falters for a moment.
You hit Menkaure but do no damage. You bite Menkaure.
Menkaure's magic leaks into the air.
You drain his magic.
Menkaure is moderately damaged.
Menkaure hits you but does no damage.
A kobold skeleton comes into view.
Menkaure hits you!
You barely miss Menkaure. You bite Menkaure, but do no damage.
Menkaure is moderately damaged.
Menkaure hits you!!
* * * LOW HITPOINT WARNING * * *
You feel very mighty all of a sudden. Menkaure hits you!
You die...

##..##..##..####..##..
##..##..##..## ##.^##.
##..##..##..## ##..##
##..##..##..## ##..#
##..##^.##..## ##..
##..##..##..## ##. ##..##..##..##
## ##..##..##..######## #
##..##..##...@MZZ.MZ.
##..##..#######################
##..##..........................
##..#############################
#................................
#################################


You could see Menkaure (fast, magic disrupted), a mummy, a goblin zombie, an orc
zombie and a kobold skeleton.

Vanquished Creatures
  A scorpion (D:4)
  A hound (D:4)
  An orc wizard (D:4)
  An adder (D:3)
  A worm (D:3)
  A dart slug (D:2)
  An orc (D:3)
  7 endoplasms
  7 giant cockroaches
  3 gnoll zombies (Ossuary)
  4 goblins
  9 hobgoblins
  6 quokkas
  6 ball pythons
  4 bats
  3 frilled lizards
  2 gnoll skeletons (Ossuary)
  6 goblin skeletons (Ossuary)
  3 goblin zombies (Ossuary)
  4 hobgoblin skeletons (Ossuary)
  6 hobgoblin zombies (Ossuary)
  7 kobolds
  5 kobold skeletons (Ossuary)
  4 kobold zombies (Ossuary)
  3 orc skeletons (Ossuary)
  An orc zombie (Ossuary)
  4 rats
  2 rat skeletons (Ossuary)
  5 rat zombies (Ossuary)
108 creatures vanquished.

Notes
Turn   | Place    | Note
-------+----------+-------------------------------------------
     0 | D:1      | Bnni the Vine Stalker Fighter began the quest for the Orb.
     0 | D:1      | Reached XP level 1. HP: 11/11 MP: 2/2
   190 | D:1      | Reached XP level 2. HP: 15/16 MP: 1/3
   324 | D:1      | Reached skill level 3 in Shields
   514 | D:1      | Reached XP level 3. HP: 19/19 MP: 4/4
  1412 | D:2      | Found Redduow's Antique Weapon Boutique.
  1614 | D:3      | Gained mutation: Your natural rate of healing is unusually
                  | fast. [Vine Stalker growth]
  1614 | D:3      | Reached XP level 4. HP: 24/24 MP: 5/5
  1733 | D:3      | Found a faded altar of an unknown god.
  1747 | D:3      | Found Guong's Distillery.
  1764 | D:3      | Bought a potion of curing for 42 gold pieces
  1764 | D:3      | Bought a potion of might for 56 gold pieces
  2092 | D:3      | Found a burning altar of Makhleb.
  2135 | D:4      | Noticed a scorpion
  2141 | D:4      | Killed a scorpion
  2142 | D:4      | Reached XP level 5. HP: 24/28 MP: 6/6
  2235 | D:4      | Reached skill level 4 in Shields
  2240 | D:4      | Found a sacrificial altar of Ru.
  2292 | D:4      | Noticed a lemure
  2292 | D:4      | Noticed a lemure
  2296 | D:4      | Noticed Pikel
  2299 | D:4      | Found a sand-covered staircase.
  2306 | Ossuary  | Entered an ossuary
  2548 | Ossuary  | Reached XP level 6. HP: 32/32 MP: 7/7
  2659 | Ossuary  | Noticed Menkaure
  2664 | Ossuary  | Mangled by Menkaure

Illustrated notes

Levels and vault maps discovered:
D:1:      saegor_arrival_simple_d, layout_loops_corners
D:2:      layout_basic, serial_shops, nicolae_shop_crystal
D:3:      layout_rooms, nicolae_overflow_crystal_walls, serial_shops, shop,
          ebering_ecumenical_altar_hall
D:4:      layout_gridville, nicolae_ru_great_annihilating_truth,
          nicolae_ossuary_entry_monument, uniq_pikel
Ossuary:  ossuary_due_pyramid

Skill      XL: |  1  2  3  4  5 |
---------------+----------------+-----
Short Blades   | 2 3 |  3.9
Shields        | 3 4 |  4.0
Fighting       | 3 |  3.6
Armour         | |  2.4

Action                     |  1- 3 |  4- 6 || total
---------------------------+-------+-------++-------
  Melee: Rapier            |    27 |   118 ||   145
         Bite              |    19 |    57 ||    76
         Whip              |    72 |    63 ||   135
    Use: Scroll            |       |     4 ||     4
         Potion            |       |     1 ||     1
   Stab: Paralysed         |       |     2 ||     2
 Armour: Scale mail        |    28 |       ||    28
         Chain mail        |    18 |    75 ||    93
  Dodge: Dodged            |    27 |    40 ||    67
  Block: Buckler           |     8 |    37 ||    45

Table legend: (Time is in decaauts)
 A = Elapsed time spent in this place.
 B = Non-inter-level travel time spent in this place.
 C = Inter-level travel time spent in this place.
 D = Time resting spent in this place.
 E = Time spent auto-exploring this place.
 F = Levels seen in this place.
 G = Mean time per level.
                   A        B        C        D        E       F      G
               +--------+--------+--------+--------+--------+-----+--------+
         Total |   2689 |   2579 |    110 |      7 |   1950 |   5 |  537.8 |
       Dungeon |   2326 |   2216 |    110 |      7 |   1775 |   4 |  581.5 |
       Ossuary |    362 |    362 |      0 |      0 |    175 |   1 |  362.0 |
               +--------+--------+--------+--------+--------+-----+--------+

Top non-repeatable levels by time:
     D:1: 1030 daAuts
     D:2: 574 daAuts
     D:3: 548 daAuts
 Ossuary: 362 daAuts
     D:4: 174 daAuts
